 Dungeon Crawl Stone Soup version 0.31.0-11-ge490571c62 (webtiles) character file.

Game seed: 11430841753978590496

567 qw the Skirmisher (level 7, -1/40 HPs)
             Began as a Deep Elf Hunter on Feb 3, 2024.
             Slain by a gnoll
             ... wielding a +0 whip
              (6 damage)
             ... on level 4 of the Dungeon.
             The game lasted 00:00:14 (3694 turns).

qw the Skirmisher (Deep Elf Hunter)                 Turns: 3694, Time: 00:00:14

Health: -1/40      AC:  5    Str: 10    XL:     7   Next: 11%
Magic:  9/9        EV: 11    Int: 14    God:
Gold:   184        SH:  0    Dex: 18    Spells: 6/6 levels left

rFire   . . .        a - +2 shortbow
rCold   . . .        (shield currently unavailable)
rNeg    . . .        k - +0 ring mail
rPois   .            (no helmet)
rElec   .            (no cloak)
rCorr   .            (no gloves)
SInv    .            (no boots)
Will    .....        e - amulet of the acrobat
Stlth   +            (no ring)
HPRegen 0.26/turn    (no ring)
MPRegen 0.11/turn

%: acrobat
@: no status effects
A: no striking features
a: no special abilities


You were on level 4 of the Dungeon.
You visited 1 branch of the dungeon, and saw 4 of its levels.

You collected 184 gold pieces.


   Skills:
 - Level 2.2 Fighting
 + Level 10.6 Ranged Weapons
 - Level 3.5 Dodging
 - Level 1.2 Stealth


You had 6 spell levels left.
You didn't know any spells.
Your spell library was empty.

Inventory:

Hand Weapons
 a - a +2 shortbow (weapon)
Armour
 b - a +0 helmet
 k - a +0 ring mail (worn)
Jewellery
 e - an amulet of the acrobat (around neck)
Wands
 c - a wand of paralysis (8)
Potions
 d - a potion of lignification {unknown}

Dungeon Overview and Level Annotations

Branches:
Dungeon (4/15)
 Temple: D:4-7

Altars:


Message History

The orc priest mumbles some strange prayers to Beogh against you.
Beogh smites you!
The orc wizard gestures at you while chanting.
The puff of flame hits you!
Enter note:
Enter note:
3687 ||| RETREEEEATING.
You shoot an arrow.
The arrow closely misses the orc wizard.
You hear an angry hiss.
An adder comes into view.
The gnoll barely misses you. The orc wizard barely misses you.
The adder moves out of view.
Enter note:
Enter note:
3689 ||| RETREEEEATING.
The gnoll attacks as it pursues you! The gnoll completely misses you.
The orc wizard gestures wildly while chanting.
The orc wizard flickers and vanishes!
You shoot an arrow. The arrow barely misses the gnoll. x2
The arrow hits the gnoll.
The gnoll is lightly wounded.
The gnoll hits you with a +0 whip.
You shoot an arrow. The arrow barely misses the gnoll. x2
The arrow hits the gnoll.
The gnoll is heavily wounded.
The orc priest mumbles some strange prayers to Beogh against you.
Beogh smites you! The gnoll hits you with a +0 whip.
You shoot an arrow. The arrow hits the gnoll.
The gnoll is lightly wounded.
The gnoll misses you.
You shoot an arrow. The arrow hits the gnoll!
The gnoll is severely wounded.
An endoplasm comes into view.
The gnoll closely misses you.
You shoot an arrow. The arrow closely misses the gnoll.
The arrow hits the gnoll.
The gnoll is lightly wounded.
The gnoll hits you with a +0 whip.
You die...

.# #.....# .#
#.##### .# #.# .#
#.# .# #.# .# #.#
.#####.###########
..>.##......)....#
.#..############@#
.#..# #g########
.#..# ##g{%......
.#..# #.g#.##.##.
.#..# #S##'# '
##..# ..J #. ##..#
#).. .. ....#
.'##' '##' ###.#
)## .# #.


You could see 3 gnolls, an adder and an endoplasm.

Vanquished Creatures
  Menkaure (D:4)
  A black bear (D:2)
  A phantom (D:4)
  A hound (D:4)
  A jelly (D:4)
  2 orc priests (D:3)
  Robin (D:4)
  3 adders
  A ribbon worm (D:2)
  3 dart slugs
  6 orcs
  2 bats
  13 endoplasms
  7 giant cockroaches
  18 goblins
  11 hobgoblins
  3 jackals (D:2)
  5 quokkas
  5 ball pythons
  4 frilled lizards
  10 kobolds
  7 rats
106 creatures vanquished.

Notes
Turn   | Place    | Note
-------+----------+-------------------------------------------
     0 | D:1      | qw the Deep Elf Hunter began the quest for the Orb.
     0 | D:1      | Reached XP level 1. HP: 12/12 MP: 3/3
     0 | D:1      | 0 ||| qw: Version: 0.3-a-158-g18b3111
     0 | D:1      | 0 ||| qw: Game counter: 4221
     0 | D:1      | 0 ||| qw: Melee chars always use a shield: true
     0 | D:1      | 0 ||| qw: God list: Okawaru
     0 | D:1      | 0 ||| qw: Allow faded altars: false
     0 | D:1      | 0 ||| qw: Do Orc after clearing Dungeon:15 true
     0 | D:1      | 0 ||| qw: Do second Lair branch before Depths: true
     0 | D:1      | 0 ||| qw: Lair rune preference: random
     0 | D:1      | 0 ||| qw: Goals: Normal
     0 | D:1      | 0 ||| PLANNING D:1-11
    90 | D:1      | Reached skill level 6 in Ranged Weapons
    90 | D:1      | Reached XP level 2. HP: 16/16 MP: 4/4
   489 | D:1      | Reached XP level 3. HP: 16/20 MP: 5/5
   984 | D:1      | 984 ||| UPGRADING to +0 ring mail.
   994 | D:1      | 994 ||| DROPPING +0 leather armour.
   995 | D:1      | 995 ||| UPGRADING to amulet of the acrobat.
  1000 | D:1      | 1000 ||| DROPPING ring of flight.
  1001 | D:1      | 1001 ||| READING 2 scrolls labelled DAOPLO ECVOXKA.
  1102 | D:1      | 1102 ||| READING scroll labelled XUGEACH BEWI.
  1138 | D:1      | 1138 ||| READING scroll labelled USSAAKHLUFF.
  1141 | D:1      | 1141 ||| READING scroll labelled JYIJ CUTZIK.
  1142 | D:1      | 1142 ||| DROPPING scroll of butterflies.
  1143 | D:1      | 1143 ||| DROPPING scroll of vulnerability.
  1206 | D:2      | Reached skill level 7 in Ranged Weapons
  1256 | D:2      | Noticed a black bear
  1266 | D:2      | Killed a black bear
  1267 | D:2      | Reached skill level 8 in Ranged Weapons
  1267 | D:2      | Reached XP level 4. HP: 10/25 MP: 6/6
  1267 | D:2      | Reached XP level 5. HP: 12/29 MP: 7/7
  1689 | D:2      | You fall into a shaft and drop 1 floor!
  1856 | D:3      | 1856 ||| READING scroll labelled QERRYR FY RIAFF.
  1856 | D:3      | 1856 ||| IDENTIFYING blue potion
  1857 | D:3      | 1857 ||| READING 2 scrolls labelled JACISTR CEENNAM.
  1857 | D:3      | 1857 ||| ENCHANTING +0 shortbow.
  1858 | D:3      | 1858 ||| READING scroll of enchant weapon.
  1858 | D:3      | 1858 ||| ENCHANTING +1 shortbow.
  1859 | D:3      | 1859 ||| DROPPING potion of berserk rage.
  2356 | D:2      | 2356 ||| DROPPING amulet of magic regeneration.
  2357 | D:2      | 2357 ||| READING scroll of identify.
  2357 | D:2      | 2357 ||| IDENTIFYING yellow potion
  2358 | D:2      | 2358 ||| DRINKING 2 pink potions.
  2461 | D:3      | Reached skill level 9 in Ranged Weapons
  2987 | D:3      | Reached XP level 6. HP: 33/35 MP: 8/8
  3013 | D:3      | 3013 ||| DRINKING 2 brown potions.
  3014 | D:3      | 3014 ||| DROPPING potion of magic.
  3052 | D:4      | Noticed Robin
  3074 | D:4      | HP: 8/35 [endoplasm (1)]
  3074 | D:4      | HP: 2/35 [Robin/+0 falchion (6)]
  3075 | D:4      | 3075 ||| DRINKING potion of heal wounds.
  3079 | D:4      | Killed Robin
  3082 | D:4      | HP: 7/35 [orc/+0 club (3)]
  3085 | D:4      | HP: 3/35 [orc/+0 club (3)]
  3188 | D:4      | 3188 ||| FLEEEEING.
  3195 | D:4      | 3195 ||| FLEEEEING.
  3334 | D:4      | Noticed Menkaure
  3338 | D:4      | Killed Menkaure
  3339 | D:4      | Reached skill level 10 in Ranged Weapons
  3354 | D:4      | Reached skill level 3 in Dodging
  3354 | D:4      | Reached XP level 7. HP: 35/40 MP: 9/9
  3677 | D:4      | 3677 ||| DRINKING potion of curing.
  3677 | D:4      | 3677 ||| (to cure confusion)
  3684 | D:4      | 3684 ||| RETREEEEATING.
  3687 | D:4      | 3687 ||| RETREEEEATING.
  3689 | D:4      | 3689 ||| RETREEEEATING.
  3691 | D:4      | HP: 7/40 [orc priest/divine providence (11)]
  3694 | D:4      | Slain by a gnoll

Levels and vault maps discovered:
D:1:      lightli_arrival_windingriver, layout_loops_corners,
          chequers_serial_rivers_room_b, minmay_statues_item
D:2:      minmay_razor_zed, layout_basic, serial_bayou_ford_a
D:3:      layout_basic
D:4:      layout_loops_ring, mainiacjoe_overflow_24_doors, uniq_menkaure,
          uniq_robin

Skill      XL: |  1  2  3  4  5  6 |
---------------+-------------------+-----
Ranged Weapons | 6 8 9 10 | 10.6
Fighting       | 2 |  2.2
Dodging        | 3 |  3.5
Stealth        | |  1.2

Action                     |  1- 3 |  4- 6 |  7- 9 || total
---------------------------+-------+-------+-------++-------
   Fire: Shortbow          |    89 |   191 |    27 ||   307
    Use: Scroll            |     4 |     4 |       ||     8
         Potion            |       |     3 |     1 ||     4
 Armour: Leather armour    |    10 |       |       ||    10
         Ring mail         |    10 |    55 |     8 ||    73
  Dodge: Dodged            |    22 |    48 |    11 ||    81

Table legend:
 A = Non-vault XP
 B = Vault XP
 C = Vault XP percentage of total XP
 D = Non-vault monster count
 E = Vault monster count
 F = Vault count percentage of total count
                 A         B        C        D         E       F
            +---------+---------+-------+---------+---------+-------
      Total |     577 |     234 |  28.9 |      79 |      27 |  25.5
            +---------+---------+-------+---------+---------+-------
        D:1 |      48 |       0 |   0.0 |      26 |       0 |   0.0
        D:2 |     171 |      27 |  13.6 |      17 |      15 |  46.9
        D:3 |     145 |       0 |   0.0 |      23 |       0 |   0.0
        D:4 |     213 |     207 |  49.3 |      13 |      12 |  48.0
            +---------+---------+-------+---------+---------+-------
